Login

Gladiators vs Oilers

Created - January 28, 2024 at 12:03

Goals
1 2 3 T
Gladiators 2 2 1 5
Oilers 1 0 0 1
Shots
1 2 3 T
Gladiators 11 9 10 30
Oilers 7 13 10 30

GoalsPenalties
1st period
1. Gladiators , Jake Guentzel 14 (Geoff Copses 27, Travis Konecny 13) at 6:16
2. Oilers , Tim Stutzle 17 (Mikko Rantanen 20) at 9:46
3. Gladiators , Jake Guentzel 15 (Nico Hischier 25, Josh Manson 2) at 15:49
Michael Mcleod (SCH) for Holding Stick (Minor) at 1:04
T.J. Oshie (ATH) for High sticking (Minor) at 1:04
2nd period
4. Gladiators , Jaccob Slavin 3 (Alex Tuch 16, Travis Konecny 14) at 14:03 (PP)
5. Gladiators , T.J. Oshie 10 (Nick Schmaltz 11, Colton Sissons 10) at 17:09
Michael Mcleod (SCH) for Slashing (Minor) at 13:33
3rd period
6. Gladiators , Alex Tuch 13 (Alec Martinez 5, Jaccob Slavin 12) at 19:43
Travis Konecny (ATH) for Hooking (Minor) at 0:58
Michael Mcleod (SCH) for Tripping (Minor) at 17:43
Goalie Stats
Jake Oettinger (ATH), 29 saves from 30 shots - (0.967), W, 24-14-3, 60:00 minutes
Ilya Samsonov (SCH), 15 saves from 19 shots - (0.789), L, 11-10-6, 37:09 minutes
Andrei Vasilevskiy (SCH), 10 saves from 11 shots - (0.909), 22:51 minutes
3 StarsOfficial
1 - Jake Guentzel (ATH)
2 - Jaccob Slavin (ATH)
3 - Alex Tuch (ATH)
Referees : Unknown
Linesman : Unknown
Game Note
Andrei Vasilevskiy enters game at 17:09 of 2nd period
Finance
Level 1 -- Attendance: 5070 (84.50%) -- Ticket Income $507,000
Level 2 -- Attendance: 4160 (83.20%) -- Ticket Income $249,600
Level 3 -- Attendance: 1710 (85.50%) -- Ticket Income $59,850
Level 4 -- Attendance: 2998 (74.95%) -- Ticket Income $74,950
Luxury Box -- Attendance: 936 (93.60%) -- Ticket Income $187,200
Game was played at the Rexall Place.
Total Attendance: 14874 (82.63%)
Total Ticket Income: $1,078,600
Other Income: $431,440
Total Income: $1,510,040



Team Name Goals Shots Shots Attemp Shots Blocked PIM HIT PP PK FO%
Gladiators 5305954251 / 2 (50%)043%
Oilers 13062126180 / 1 (0%)157%

Gladiators
Player Name POS G A P +/- PIM HIT SHT SB MP PP MP PP SHT PK MP PK SHT FO% FOT
Alec MartinezD0110010017:051:0500:5900% 0
Alex TuchLW/RW1120011018:441:3500:00033% 3
Anthony CirelliC/RW000101219:560:0001:22041% 17
Colton SissonsC/LW/RW0110020013:210:0000:000100% 1
Evan RodriguesC/LW/RW000100009:560:0001:2200% 0
Geoff CopsesD0112021126:061:2401:0000% 0
J.T. CompherC/LW/RW000101208:340:0000:0000% 1
Jaccob SlavinD1120023124:011:5221:0000% 0
Jake GuentzelLW/RW2022026017:210:2610:0000% 1
Josh MansonD0111010116:490:0000:0000% 0
Nick SchmaltzC/LW/RW0110002014:170:5600:00030% 20
Nico HischierC0112003015:420:0000:00067% 15
Ryan SuterD0001001119:110:3700:5900% 0
Sam ReinhartC/RW0000002017:311:3500:00041% 27
Samuel GirardD0002040016:480:0000:0000% 0
T.J. OshieC/RW1010243014:510:5400:370100% 1
Travis KonecnyLW/RW0222220017:341:0700:0000% 1
Zach HymanLW/RW0000024018:130:5400:3700% 0
Oilers
Player Name POS G A P +/- PIM HIT SHT SB MP PP MP PP SHT PK MP PK SHT FO% FOT
Brandon TanevLW/RW000002003:080:0000:0000% 0
Cale MakarD0001001017:581:0610:0000% 0
Cody CeciD0001001117:160:0001:2600% 0
Colton ParaykoD000-3001322:220:5301:0300% 0
Darnell NurseD000-1030421:251:0601:0300% 0
Dylan CozensC/RW000-2005018:211:0300:0000% 0
Evan BouchardD000000000:000:0000:0000% 0
Evander KaneLW/RW000-2023018:211:0300:000100% 1
Jani HakanpaaD000-1002118:140:0000:0000% 0
Kailer YamamotoRW000001013:080:0000:0000% 1
Kirill MarchenkoRW000-1022015:110:0000:000100% 1
Kris LetangD000-3041122:450:5311:2600% 0
Manson GlueheadLW/RW0000013021:330:5601:39050% 2
Michael McleodC/RW000-1621015:080:0000:00043% 21
Mikko RantanenC0110003024:020:5601:39050% 28
Ryan PoehlingC/LW000-1010116:010:0000:500100% 1
Tim StutzleC/LW1010002019:490:5600:000100% 1
Tomas HertlC/LW000-2005020:471:0310:50071% 31

Gladiators

5 vs 5 Forward
Line #Left WingCenterRight WingPHYDFOFWanted %Time %Time Play
1Alex TuchSam ReinhartZach Hyman1223030%15:56
2Travis KonecnyNico HischierJake Guentzel1222829%15:42
3Colton SissonsNick SchmaltzT.J. Oshie1222625%13:21
4Evan RodriguesAnthony CirelliJ.T. Compher1221616%8:34
5 vs 5 Defense
Line #DefenseDefensePHYDFOFWanted %Time %Time Play
1Geoff CopsesSamuel Girard1223031%16:48
2Alec MartinezJaccob Slavin1222825%13:25
3Josh MansonRyan Suter1222631%16:49
4Geoff CopsesJaccob Slavin1221612%6:31
Power Play Forward
Line #Left WingCenterRight WingPHYDFOFWanted %Time %Time Play
1Alex TuchSam ReinhartTravis Konecny1225564%1:35
2Jake GuentzelT.J. OshieZach Hyman1224536%0:54
Power Play Defense
Line #DefenseDefensePHYDFOFWanted %Time %Time Play
1Geoff CopsesJaccob Slavin1225575%1:52
2Alec MartinezRyan Suter1224525%0:37
Penalty Kill 4 Players Forward
Line #CenterWingPHYDFOFWanted %Time %Time Play
1Anthony CirelliEvan Rodrigues1225569%1:22
2T.J. OshieZach Hyman1224531%0:37
Penalty Kill 4 Players Defense
Line #DefenseDefensePHYDFOFWanted %Time %Time Play
1Geoff CopsesJaccob Slavin1225550%1:00
2Alec MartinezRyan Suter1224550%0:59
Penalty Kill 3 Players
Line #WingPHYDFOFWanted %Time %Time PlayDefenseDefensePHYDFOFWanted %Time %Time Play
1Colton Sissons122550%0:00 Geoff CopsesJaccob Slavin122550%0:00
2Evan Rodrigues122450%0:00 Geoff CopsesRyan Suter122450%0:00
4 vs 4 Forward
Line #CenterWingPHYDFOFWanted %Time %Time Play
1Alex TuchJake Guentzel1225561%1:13
2Travis KonecnyZach Hyman1224539%0:46
4 vs 4 Defense
Line #DefensePHYDFOFWanted %Time %Time Play
1Geoff CopsesJaccob Slavin1225561%55% - 1:13
2Alec MartinezRyan Suter1224539%45% - 0:46
Last Minutes Offensive
Left WingCenterRight WingDefenseDefense
Zach HymanSam ReinhartJake GuentzelGeoff CopsesJosh Manson
Last Minutes Defensive
Left WingCenterRight WingDefenseDefense
Evan RodriguesAnthony CirelliT.J. OshieGeoff CopsesJaccob Slavin
Time
Total ForwardTotal DefenseLast Minutes OffensiveLast Minutes Defensive
60:00 60:00 0:000:00
Extra Forwards
Normal PowerPlayPenalty Kill
Nick Schmaltz, Anthony Cirelli, T.J. OshieNick Schmaltz, Colton SissonsT.J. Oshie
Extra Defensemen
Normal PowerPlayPenalty Kill
Geoff Copses, Jaccob Slavin, Alec MartinezGeoff Copses, Geoff CopsesAlec Martinez
Penalty Shots
Alex Tuch, Jake Guentzel, Travis Konecny, Zach Hyman, Sam Reinhart
Goalie
Jake Oettinger, Ville Husso
Custom OT Lines Forwards
Alex Tuch, Jake Guentzel, Travis Konecny, Zach Hyman, Sam Reinhart, Evan Rodrigues, Nick Schmaltz, Colton Sissons, T.J. Oshie, Anthony Cirelli
Custom OT Lines Defensemen
Geoff Copses, Jaccob Slavin, Josh Manson, Ryan Suter, Alec Martinez
Scratches
Shea Theodore (Healthy), Jack Roslovic (Healthy)

Oilers

5 vs 5 Forward
Line #Left WingCenterRight WingPHYDFOFWanted %Time %Time Play
1Tim StutzleMikko RantanenManson Gluehead1223433%17:56
2Evander KaneTomas HertlDylan Cozens1223232%17:18
3Ryan PoehlingMichael McleodKirill Marchenko1222928%15:11
4Brandon TanevMikko RantanenKailer Yamamoto12256%3:08
5 vs 5 Defense
Line #DefenseDefensePHYDFOFWanted %Time %Time Play
1Darnell NurseJani Hakanpaa1223434%18:14
2Colton ParaykoKris Letang1223231%16:44
3Cody CeciCale Makar1222930%15:50
4Kris LetangColton Parayko12255%2:45
Power Play Forward
Line #Left WingCenterRight WingPHYDFOFWanted %Time %Time Play
1Tim StutzleMikko RantanenManson Gluehead1135747%0:56
2Evander KaneTomas HertlDylan Cozens1134353%1:03
Power Play Defense
Line #DefenseDefensePHYDFOFWanted %Time %Time Play
1Darnell NurseCale Makar1135755%1:06
2Colton ParaykoKris Letang1134345%0:53
Penalty Kill 4 Players Forward
Line #CenterWingPHYDFOFWanted %Time %Time Play
1Mikko RantanenManson Gluehead1315566%1:39
2Tomas HertlRyan Poehling1314534%0:50
Penalty Kill 4 Players Defense
Line #DefenseDefensePHYDFOFWanted %Time %Time Play
1Colton ParaykoDarnell Nurse1315542%1:03
2Cody CeciKris Letang1314558%1:26
Penalty Kill 3 Players
Line #WingPHYDFOFWanted %Time %Time PlayDefenseDefensePHYDFOFWanted %Time %Time Play
1Mikko Rantanen131550%0:00 Colton ParaykoDarnell Nurse131550%0:00
2Tomas Hertl131450%0:00 Cody CeciKris Letang131450%0:00
4 vs 4 Forward
Line #CenterWingPHYDFOFWanted %Time %Time Play
1Tomas HertlManson Gluehead1225552%1:02
2Mikko RantanenTim Stutzle1224548%0:57
4 vs 4 Defense
Line #DefensePHYDFOFWanted %Time %Time Play
1Darnell NurseCale Makar1225552%55% - 1:02
2Colton ParaykoKris Letang1224548%45% - 0:57
Last Minutes Offensive
Left WingCenterRight WingDefenseDefense
Tim StutzleMikko RantanenManson GlueheadKris LetangCale Makar
Last Minutes Defensive
Left WingCenterRight WingDefenseDefense
Manson GlueheadRyan PoehlingMichael McleodColton ParaykoJani Hakanpaa
Time
Total ForwardTotal DefenseLast Minutes OffensiveLast Minutes Defensive
60:00 60:00 0:000:00
Extra Forwards
Normal PowerPlayPenalty Kill
Michael Mcleod, Kirill Marchenko, Ryan PoehlingTomas Hertl, Kirill MarchenkoRyan Poehling
Extra Defensemen
Normal PowerPlayPenalty Kill
Evan Bouchard, Cale Makar, Cody CeciEvan Bouchard, Cody CeciJani Hakanpaa
Penalty Shots
Kirill Marchenko, Brandon Tanev, Mikko Rantanen, Tim Stutzle, Cale Makar
Goalie
Ilya Samsonov, Andrei Vasilevskiy
Custom OT Lines Forwards
Mikko Rantanen, Tim Stutzle, Tomas Hertl, Manson Gluehead, Dylan Cozens, Evander Kane, Michael Mcleod, Kirill Marchenko, Ryan Poehling, Brandon Tanev
Custom OT Lines Defensemen
Kris Letang, Cale Makar, Darnell Nurse, Colton Parayko, Cody Ceci
Scratches
Bowen Byram (Healthy)


Play-by-Play

1st period


0:01 of 1st period - Tim Stutzle wins face-off versus Sam Reinhart in neutral zone.
0:13 of 1st period - Shot by Alex Tuch.
0:13 of 1st period - Shot Blocked by Jani Hakanpaa.
0:17 of 1st period - Shot by Sam Reinhart.
0:17 of 1st period - Shot Misses the Net.
0:19 of 1st period - Shot by Geoff Copses.
0:19 of 1st period - Stopped by Ilya Samsonov without a rebound.
0:20 of 1st period - Nico Hischier wins face-off versus Tomas Hertl in Oilers zone.
0:20 of 1st period - Nico Hischier is hit by Kris Letang.
0:52 of 1st period - Shot by Nico Hischier.
0:52 of 1st period - Stopped by Ilya Samsonov without a rebound.
0:53 of 1st period - Colton Sissons wins face-off versus Michael Mcleod in Oilers zone.
0:59 of 1st period - Cody Ceci is hit by T.J. Oshie.
1:04 of 1st period - Minor Penalty to Michael Mcleod for Holding Stick.
1:04 of 1st period - Minor Penalty to T.J. Oshie for High sticking.
1:05 of 1st period - Tomas Hertl wins face-off versus Alex Tuch in neutral zone.
1:17 of 1st period - Darnell Nurse is hit by Jake Guentzel and loses puck.
1:32 of 1st period - Shot by Jake Guentzel.
1:32 of 1st period - Stopped by Ilya Samsonov with a rebound.
2:24 of 1st period - Shot by Zach Hyman.
2:24 of 1st period - Shot Blocked by Kris Letang.
2:26 of 1st period - Shot by Ryan Suter.
2:26 of 1st period - Deflect By Travis Konecny.
2:26 of 1st period - Shot Misses the Net.
2:28 of 1st period - Shot by Travis Konecny.
2:28 of 1st period - Deflect By Zach Hyman.
2:28 of 1st period - Stopped by Ilya Samsonov with a rebound.
2:30 of 1st period - Shot by Zach Hyman.
2:30 of 1st period - Shot Misses the Net.
2:45 of 1st period - Icing by Kris Letang.
2:46 of 1st period - Mikko Rantanen wins face-off versus Alex Tuch in Oilers zone.
3:26 of 1st period - Icing by Darnell Nurse.
3:27 of 1st period - Michael Mcleod wins face-off versus Anthony Cirelli in Oilers zone.
3:27 of 1st period - Michael Mcleod is hit by Anthony Cirelli.
4:28 of 1st period - Icing by Jaccob Slavin.
4:29 of 1st period - Mikko Rantanen wins face-off versus Nick Schmaltz in Gladiators zone.
4:40 of 1st period - Shot by Tim Stutzle.
4:40 of 1st period - Shot Misses the Net.
5:44 of 1st period - Shot by Evander Kane.
5:44 of 1st period - Stopped by Jake Oettinger with a rebound.
6:12 of 1st period - Shot by Travis Konecny.
6:12 of 1st period - Shot Misses the Net.
6:16 of 1st period - Shot by Jake Guentzel.
6:16 of 1st period - Goal by Jake Guentzel - Gladiators : 1 - Oilers : 0.
6:17 of 1st period - Anthony Cirelli wins face-off versus Kailer Yamamoto in neutral zone.
7:10 of 1st period - Michael Mcleod is hit by Jaccob Slavin and loses puck.
7:25 of 1st period - Shot by Michael Mcleod.
7:25 of 1st period - Shot Misses the Net.
7:32 of 1st period - Michael Mcleod is hit by Alec Martinez.
7:34 of 1st period - Shot by Kirill Marchenko.
7:34 of 1st period - Shot Blocked by Anthony Cirelli.
8:14 of 1st period - Shot by Manson Gluehead.
8:14 of 1st period - Stopped by Jake Oettinger without a rebound.
8:15 of 1st period - Tomas Hertl wins face-off versus Sam Reinhart in Gladiators zone.
8:16 of 1st period - Shot by Dylan Cozens.
8:16 of 1st period - Stopped by Jake Oettinger without a rebound.
8:17 of 1st period - Sam Reinhart wins face-off versus Tomas Hertl in Gladiators zone.
8:26 of 1st period - Shot by Alex Tuch.
8:26 of 1st period - Shot Misses the Net.
8:28 of 1st period - Shot by Ryan Suter.
8:28 of 1st period - Stopped by Ilya Samsonov without a rebound.
8:29 of 1st period - Nico Hischier wins face-off versus Tomas Hertl in Oilers zone.
8:29 of 1st period - Nico Hischier is hit by Darnell Nurse.
8:51 of 1st period - Shot by Tomas Hertl.
8:51 of 1st period - Shot Misses the Net.
8:53 of 1st period - Shot by Jani Hakanpaa.
8:53 of 1st period - Stopped by Jake Oettinger without a rebound.
8:54 of 1st period - Sam Reinhart wins face-off versus Michael Mcleod in Gladiators zone.
9:05 of 1st period - Zach Hyman is hit by Kirill Marchenko and loses puck.
9:18 of 1st period - Shot by Michael Mcleod.
9:18 of 1st period - Stopped by Jake Oettinger without a rebound.
9:19 of 1st period - Mikko Rantanen wins face-off versus Nick Schmaltz in Gladiators zone.
9:44 of 1st period - Shot by Tim Stutzle.
9:44 of 1st period - Shot Misses the Net.
9:46 of 1st period - Shot by Tim Stutzle.
9:46 of 1st period - Goal by Tim Stutzle - Gladiators : 1 - Oilers : 1.
9:47 of 1st period - Tomas Hertl wins face-off versus Sam Reinhart in neutral zone.
9:56 of 1st period - Shot by Dylan Cozens.
9:56 of 1st period - Shot Misses the Net.
11:16 of 1st period - Mikko Rantanen is hit by Geoff Copses and loses puck.
11:27 of 1st period - Shot by Nico Hischier.
11:27 of 1st period - Shot Blocked by Cody Ceci.
11:32 of 1st period - Cale Makar is hit by Geoff Copses and loses puck.
11:39 of 1st period - Shot by Ryan Poehling.
11:39 of 1st period - Shot Misses the Net.
12:29 of 1st period - Dylan Cozens is hit by T.J. Oshie and loses puck.
12:43 of 1st period - Nick Schmaltz is hit by Kris Letang and loses puck.
13:48 of 1st period - Jani Hakanpaa is hit by Zach Hyman and loses puck.
14:21 of 1st period - Shot by Nick Schmaltz.
14:21 of 1st period - Shot Blocked by Darnell Nurse.
14:37 of 1st period - Shot by T.J. Oshie.
14:37 of 1st period - Shot Misses the Net.
14:39 of 1st period - Shot by Jaccob Slavin.
14:39 of 1st period - Shot Blocked by Darnell Nurse.
14:41 of 1st period - Shot by T.J. Oshie.
14:41 of 1st period - Stopped by Ilya Samsonov without a rebound.
14:42 of 1st period - Michael Mcleod wins face-off versus Sam Reinhart in Oilers zone.
14:42 of 1st period - Cale Makar is hit by Alex Tuch and loses puck.
15:06 of 1st period - Icing by Alex Tuch.
15:07 of 1st period - Tomas Hertl wins face-off versus Sam Reinhart in Gladiators zone.
15:12 of 1st period - Shot by Evander Kane.
15:12 of 1st period - Shot Misses the Net.
15:14 of 1st period - Shot by Colton Parayko.
15:14 of 1st period - Stopped by Jake Oettinger without a rebound.
15:15 of 1st period - Nick Schmaltz wins face-off versus Tomas Hertl in Gladiators zone.
15:36 of 1st period - Shot by Nick Schmaltz.
15:36 of 1st period - Shot Misses the Net.
15:39 of 1st period - Icing by Tomas Hertl.
15:40 of 1st period - Nico Hischier wins face-off versus Tomas Hertl in Oilers zone.
15:41 of 1st period - Shot by Jake Guentzel.
15:41 of 1st period - Stopped by Ilya Samsonov with a rebound.
15:49 of 1st period - Shot by Jake Guentzel.
15:49 of 1st period - Goal by Jake Guentzel - Gladiators : 2 - Oilers : 1.
15:50 of 1st period - Michael Mcleod wins face-off versus Sam Reinhart in neutral zone.
16:15 of 1st period - Shot by Cale Makar.
16:15 of 1st period - Shot Misses the Net.
16:43 of 1st period - Shot by Jake Guentzel.
16:43 of 1st period - Shot Misses the Net.
16:45 of 1st period - Shot by Jaccob Slavin.
16:45 of 1st period - Stopped by Ilya Samsonov without a rebound.
16:46 of 1st period - Nick Schmaltz wins face-off versus Mikko Rantanen in Oilers zone.
17:01 of 1st period - Shot by Tim Stutzle.
17:01 of 1st period - Shot Misses the Net.
17:04 of 1st period - Icing by Geoff Copses.
17:05 of 1st period - Tomas Hertl wins face-off versus Nick Schmaltz in Gladiators zone.
17:27 of 1st period - Icing by Jani Hakanpaa.
17:28 of 1st period - Nico Hischier wins face-off versus Tomas Hertl in Oilers zone.
17:28 of 1st period - Nico Hischier is hit by Darnell Nurse.
17:46 of 1st period - Icing by Alec Martinez.
17:47 of 1st period - Nico Hischier wins face-off versus Mikko Rantanen in Gladiators zone.
18:53 of 1st period - Alex Tuch is hit by Kris Letang and loses puck.
19:04 of 1st period - Shot by Sam Reinhart.
19:04 of 1st period - Stopped by Ilya Samsonov without a rebound.
19:05 of 1st period - Nick Schmaltz wins face-off versus Michael Mcleod in Oilers zone.
Goals for this period are 2 for Gladiators vs 1 for Oilers.
Shots for this period are 11 for Gladiators vs 7 for Oilers.

2nd period


0:01 of 2nd period - Tomas Hertl wins face-off versus Nico Hischier in neutral zone.
0:54 of 2nd period - Kris Letang is hit by Zach Hyman and loses puck.
1:12 of 2nd period - Icing by Colton Parayko.
1:13 of 2nd period - Tomas Hertl wins face-off versus Nick Schmaltz in Oilers zone.
1:13 of 2nd period - Tomas Hertl is hit by Colton Sissons.
2:33 of 2nd period - Shot by Zach Hyman.
2:33 of 2nd period - Stopped by Ilya Samsonov without a rebound.
2:34 of 2nd period - Mikko Rantanen wins face-off versus Travis Konecny in Oilers zone.
2:54 of 2nd period - Shot by Mikko Rantanen.
2:54 of 2nd period - Deflect By Kailer Yamamoto.
2:54 of 2nd period - Shot Blocked by Ryan Suter.
2:56 of 2nd period - Shot by Brandon Tanev.
2:56 of 2nd period - Shot Hit the Post.
3:13 of 2nd period - Nico Hischier is hit by Kailer Yamamoto.
3:17 of 2nd period - Travis Konecny is hit by Brandon Tanev and loses puck.
3:36 of 2nd period - Michael Mcleod is hit by Jake Guentzel and loses puck.
3:53 of 2nd period - Shot by Kirill Marchenko.
3:53 of 2nd period - Stopped by Jake Oettinger without a rebound.
3:54 of 2nd period - Tomas Hertl wins face-off versus Sam Reinhart in Gladiators zone.
4:08 of 2nd period - Icing by Jaccob Slavin.
4:09 of 2nd period - Tomas Hertl wins face-off versus Sam Reinhart in Gladiators zone.
4:09 of 2nd period - Tomas Hertl is hit by Jaccob Slavin.
4:18 of 2nd period - Icing by Jaccob Slavin.
4:19 of 2nd period - Ryan Poehling wins face-off versus Sam Reinhart in Gladiators zone.
5:06 of 2nd period - Michael Mcleod is hit by J.T. Compher and loses puck.
5:20 of 2nd period - Shot by Geoff Copses.
5:20 of 2nd period - Deflect By Evan Rodrigues.
5:20 of 2nd period - Shot Blocked by Colton Parayko.
5:31 of 2nd period - Ryan Poehling is hit by Samuel Girard and loses puck.
5:57 of 2nd period - Off-side.
5:58 of 2nd period - Tomas Hertl wins face-off versus Nico Hischier in neutral zone.
6:16 of 2nd period - Shot by Dylan Cozens.
6:16 of 2nd period - Stopped by Jake Oettinger without a rebound.
6:17 of 2nd period - Mikko Rantanen wins face-off versus Sam Reinhart in Gladiators zone.
6:46 of 2nd period - Shot by Alex Tuch.
6:46 of 2nd period - Shot Misses the Net.
6:54 of 2nd period - Shot by Zach Hyman.
6:54 of 2nd period - Deflect By Alex Tuch.
6:54 of 2nd period - Shot Misses the Net.
7:09 of 2nd period - Manson Gluehead is hit by Samuel Girard.
7:25 of 2nd period - Shot by Nick Schmaltz.
7:25 of 2nd period - Stopped by Ilya Samsonov without a rebound.
7:26 of 2nd period - Tomas Hertl wins face-off versus Nico Hischier in Oilers zone.
7:55 of 2nd period - Shot by Tomas Hertl.
7:55 of 2nd period - Stopped by Jake Oettinger without a rebound.
7:56 of 2nd period - Nick Schmaltz wins face-off versus Michael Mcleod in Gladiators zone.
8:03 of 2nd period - Icing by Ryan Poehling.
8:04 of 2nd period - Sam Reinhart wins face-off versus Michael Mcleod in Oilers zone.
8:17 of 2nd period - Shot by Alex Tuch.
8:17 of 2nd period - Shot Blocked by Colton Parayko.
8:33 of 2nd period - Shot by Zach Hyman.
8:33 of 2nd period - Stopped by Ilya Samsonov without a rebound.
8:34 of 2nd period - Mikko Rantanen wins face-off versus Anthony Cirelli in Oilers zone.
8:56 of 2nd period - Icing by Cale Makar.
8:57 of 2nd period - Nick Schmaltz wins face-off versus Mikko Rantanen in Oilers zone.
9:15 of 2nd period - Shot by Manson Gluehead.
9:15 of 2nd period - Stopped by Jake Oettinger without a rebound.
9:16 of 2nd period - Tomas Hertl wins face-off versus Jake Guentzel in Gladiators zone.
9:44 of 2nd period - Shot by Evander Kane.
9:44 of 2nd period - Shot Misses the Net.
9:46 of 2nd period - Shot by Jani Hakanpaa.
9:46 of 2nd period - Stopped by Jake Oettinger without a rebound.
9:47 of 2nd period - Nick Schmaltz wins face-off versus Mikko Rantanen in Gladiators zone.
9:51 of 2nd period - Icing by Nick Schmaltz.
9:52 of 2nd period - Mikko Rantanen wins face-off versus Nick Schmaltz in Gladiators zone.
10:27 of 2nd period - Shot by Mikko Rantanen.
10:27 of 2nd period - Stopped by Jake Oettinger without a rebound.
10:28 of 2nd period - Tomas Hertl wins face-off versus Sam Reinhart in Gladiators zone.
11:36 of 2nd period - Shot by Kirill Marchenko.
11:36 of 2nd period - Stopped by Jake Oettinger without a rebound.
11:37 of 2nd period - Nico Hischier wins face-off versus Mikko Rantanen in Gladiators zone.
11:51 of 2nd period - Travis Konecny is hit by Manson Gluehead and loses puck.
12:13 of 2nd period - Jake Guentzel is hit by Kris Letang and loses puck.
12:16 of 2nd period - Shot by Nico Hischier.
12:16 of 2nd period - Stopped by Ilya Samsonov with a rebound.
12:25 of 2nd period - Icing by Tim Stutzle.
12:26 of 2nd period - Manson Gluehead wins face-off versus Nick Schmaltz in Oilers zone.
12:28 of 2nd period - Icing by Tim Stutzle.
12:29 of 2nd period - Mikko Rantanen wins face-off versus Anthony Cirelli in Oilers zone.
13:03 of 2nd period - Shot by Anthony Cirelli.
13:03 of 2nd period - Shot Blocked by Colton Parayko.
13:05 of 2nd period - Shot by Anthony Cirelli.
13:05 of 2nd period - Stopped by Ilya Samsonov without a rebound.
13:06 of 2nd period - Tomas Hertl wins face-off versus Nick Schmaltz in Oilers zone.
13:26 of 2nd period - Shot by Tomas Hertl.
13:26 of 2nd period - Shot Misses the Net.
13:28 of 2nd period - Shot by Cody Ceci.
13:28 of 2nd period - Stopped by Jake Oettinger without a rebound.
13:29 of 2nd period - Michael Mcleod wins face-off versus Sam Reinhart in Gladiators zone.
13:33 of 2nd period - Minor Penalty to Michael Mcleod for Slashing.
13:34 of 2nd period - Sam Reinhart wins face-off versus Tomas Hertl in Oilers zone.
14:01 of 2nd period - Shot by Alex Tuch.
14:01 of 2nd period - Shot Misses the Net.
14:03 of 2nd period - Shot by Jaccob Slavin.
14:03 of 2nd period - Goal by Jaccob Slavin - Gladiators : 3 - Oilers : 1.
14:04 of 2nd period - Tomas Hertl wins face-off versus Nick Schmaltz in neutral zone.
14:04 of 2nd period - Tomas Hertl is hit by T.J. Oshie.
14:07 of 2nd period - Darnell Nurse is hit by Josh Manson.
14:11 of 2nd period - Shot by Dylan Cozens.
14:11 of 2nd period - Stopped by Jake Oettinger with a rebound.
14:13 of 2nd period - Shot by Dylan Cozens.
14:13 of 2nd period - Shot Misses the Net.
14:15 of 2nd period - Shot by Jani Hakanpaa.
14:15 of 2nd period - Shot Misses the Net.
14:17 of 2nd period - Shot by Dylan Cozens.
14:17 of 2nd period - Deflect By Tomas Hertl.
14:17 of 2nd period - Shot Misses the Net.
14:23 of 2nd period - Shot by Dylan Cozens.
14:23 of 2nd period - Shot Misses the Net.
14:27 of 2nd period - Shot by Tomas Hertl.
14:27 of 2nd period - Stopped by Jake Oettinger without a rebound.
14:28 of 2nd period - Anthony Cirelli wins face-off versus Michael Mcleod in Gladiators zone.
14:28 of 2nd period - Anthony Cirelli is hit by Michael Mcleod.
14:33 of 2nd period - J.T. Compher is hit by Kirill Marchenko and loses puck.
14:48 of 2nd period - Icing by Cale Makar.
14:49 of 2nd period - Sam Reinhart wins face-off versus Michael Mcleod in Oilers zone.
14:52 of 2nd period - Shot by Zach Hyman.
14:52 of 2nd period - Stopped by Ilya Samsonov without a rebound.
14:53 of 2nd period - Sam Reinhart wins face-off versus Tomas Hertl in Oilers zone.
14:53 of 2nd period - Zach Hyman is hit by Darnell Nurse and loses puck.
15:36 of 2nd period - Icing by Jaccob Slavin.
15:37 of 2nd period - Sam Reinhart wins face-off versus Michael Mcleod in Gladiators zone.
15:53 of 2nd period - Icing by Cale Makar.
15:54 of 2nd period - Michael Mcleod wins face-off versus Nico Hischier in Oilers zone.
15:54 of 2nd period - Cale Makar is hit by Travis Konecny and loses puck.
16:07 of 2nd period - Shot by Jake Guentzel.
16:07 of 2nd period - Shot Blocked by Ryan Poehling.
16:42 of 2nd period - Icing by Colton Parayko.
16:43 of 2nd period - Mikko Rantanen wins face-off versus Nick Schmaltz in Oilers zone.
17:07 of 2nd period - Shot by Nick Schmaltz.
17:07 of 2nd period - Shot Misses the Net.
17:09 of 2nd period - Shot by Nick Schmaltz.
17:09 of 2nd period - Deflect By T.J. Oshie.
17:09 of 2nd period - Goal by T.J. Oshie - Gladiators : 4 - Oilers : 1.
17:09 of 2nd period - Andrei Vasilevskiy enters game.
17:10 of 2nd period - Tomas Hertl wins face-off versus Sam Reinhart in neutral zone.
17:23 of 2nd period - Shot by Tomas Hertl.
17:23 of 2nd period - Stopped by Jake Oettinger with a rebound.
17:25 of 2nd period - Shot by Evander Kane.
17:25 of 2nd period - Stopped by Jake Oettinger without a rebound.
17:26 of 2nd period - Nico Hischier wins face-off versus Mikko Rantanen in Gladiators zone.
17:26 of 2nd period - Nico Hischier is hit by Brandon Tanev.
17:52 of 2nd period - Brandon Tanev is hit by Samuel Girard.
18:00 of 2nd period - Shot by Mikko Rantanen.
18:00 of 2nd period - Stopped by Jake Oettinger without a rebound.
18:01 of 2nd period - Sam Reinhart wins face-off versus Tomas Hertl in Gladiators zone.
18:01 of 2nd period - Sam Reinhart is hit by Evander Kane.
19:07 of 2nd period - Shot by T.J. Oshie.
19:07 of 2nd period - Stopped by Andrei Vasilevskiy without a rebound.
19:08 of 2nd period - Kirill Marchenko wins face-off versus Anthony Cirelli in Oilers zone.
19:12 of 2nd period - Icing by Colton Parayko.
19:13 of 2nd period - Michael Mcleod wins face-off versus Anthony Cirelli in Oilers zone.
19:18 of 2nd period - Anthony Cirelli is hit by Ryan Poehling and loses puck.
19:24 of 2nd period - Icing by Anthony Cirelli.
19:25 of 2nd period - Anthony Cirelli wins face-off versus Manson Gluehead in Gladiators zone.
19:42 of 2nd period - Shot by Evan Rodrigues.
19:42 of 2nd period - Shot Misses the Net.
19:44 of 2nd period - Shot by Geoff Copses.
19:44 of 2nd period - Shot Misses the Net.
Goals for this period are 2 for Gladiators vs 0 for Oilers.
Shots for this period are 9 for Gladiators vs 13 for Oilers.

3rd period


0:01 of 3rd period - Michael Mcleod wins face-off versus Nick Schmaltz in neutral zone.
0:01 of 3rd period - Darnell Nurse is hit by Colton Sissons and loses puck.
0:40 of 3rd period - Icing by Geoff Copses.
0:41 of 3rd period - Mikko Rantanen wins face-off versus Nick Schmaltz in Gladiators zone.
0:48 of 3rd period - Colton Parayko is hit by T.J. Oshie and loses puck.
0:58 of 3rd period - Minor Penalty to Travis Konecny for Hooking.
0:59 of 3rd period - Tomas Hertl wins face-off versus Anthony Cirelli in Gladiators zone.
1:14 of 3rd period - Shot by Cale Makar.
1:14 of 3rd period - Stopped by Jake Oettinger without a rebound.
1:15 of 3rd period - Mikko Rantanen wins face-off versus Anthony Cirelli in Gladiators zone.
1:20 of 3rd period - Shot by Kris Letang.
1:20 of 3rd period - Stopped by Jake Oettinger without a rebound.
1:21 of 3rd period - Mikko Rantanen wins face-off versus Anthony Cirelli in Gladiators zone.
1:31 of 3rd period - Shot by Cale Makar.
1:31 of 3rd period - Shot Blocked by Jaccob Slavin.
1:33 of 3rd period - Shot by Manson Gluehead.
1:33 of 3rd period - Shot Blocked by Geoff Copses.
1:35 of 3rd period - Shot by Darnell Nurse.
1:35 of 3rd period - Shot Misses the Net.
2:24 of 3rd period - Shot by Tomas Hertl.
2:24 of 3rd period - Stopped by Jake Oettinger without a rebound.
2:25 of 3rd period - Tomas Hertl wins face-off versus Anthony Cirelli in Gladiators zone.
2:28 of 3rd period - Shot by Kris Letang.
2:28 of 3rd period - Deflect By Tomas Hertl.
2:28 of 3rd period - Shot Misses the Net.
2:37 of 3rd period - Icing by Evander Kane.
2:38 of 3rd period - Tomas Hertl wins face-off versus Anthony Cirelli in Oilers zone.
3:09 of 3rd period - Shot by Jake Guentzel.
3:09 of 3rd period - Stopped by Andrei Vasilevskiy with a rebound.
3:11 of 3rd period - Shot by Jake Guentzel.
3:11 of 3rd period - Deflect By Nico Hischier.
3:11 of 3rd period - Stopped by Andrei Vasilevskiy without a rebound.
3:12 of 3rd period - Sam Reinhart wins face-off versus Mikko Rantanen in Oilers zone.
3:44 of 3rd period - Shot by Manson Gluehead.
3:44 of 3rd period - Deflect By Mikko Rantanen.
3:44 of 3rd period - Stopped by Jake Oettinger with a rebound.
4:24 of 3rd period - Shot by Evander Kane.
4:24 of 3rd period - Shot Misses the Net.
4:26 of 3rd period - Shot by Dylan Cozens.
4:26 of 3rd period - Stopped by Jake Oettinger without a rebound.
4:27 of 3rd period - Michael Mcleod wins face-off versus Nick Schmaltz in Gladiators zone.
4:58 of 3rd period - Shot by Kirill Marchenko.
4:58 of 3rd period - Shot Misses the Net.
5:00 of 3rd period - Shot by Cody Ceci.
5:00 of 3rd period - Shot Misses the Net.
5:02 of 3rd period - Shot by Kirill Marchenko.
5:02 of 3rd period - Shot Misses the Net.
5:04 of 3rd period - Shot by Cody Ceci.
5:04 of 3rd period - Shot Misses the Net.
5:06 of 3rd period - Shot by Ryan Poehling.
5:06 of 3rd period - Shot Misses the Net.
5:46 of 3rd period - Shot by Tomas Hertl.
5:46 of 3rd period - Stopped by Jake Oettinger without a rebound.
5:47 of 3rd period - Mikko Rantanen wins face-off versus Nico Hischier in Gladiators zone.
5:54 of 3rd period - Shot by Manson Gluehead.
5:54 of 3rd period - Shot Misses the Net.
6:02 of 3rd period - Darnell Nurse is hit by Travis Konecny and loses puck.
9:27 of 3rd period - Shot by Nick Schmaltz.
9:27 of 3rd period - Shot Misses the Net.
10:00 of 3rd period - Icing by Josh Manson.
10:01 of 3rd period - Alex Tuch wins face-off versus Mikko Rantanen in Gladiators zone.
10:27 of 3rd period - Shot by Evan Rodrigues.
10:27 of 3rd period - Shot Blocked by Kailer Yamamoto.
10:29 of 3rd period - Shot by J.T. Compher.
10:29 of 3rd period - Stopped by Andrei Vasilevskiy without a rebound.
10:30 of 3rd period - Nico Hischier wins face-off versus Michael Mcleod in Oilers zone.
10:33 of 3rd period - Shot by Jake Guentzel.
10:33 of 3rd period - Shot Misses the Net.
10:52 of 3rd period - Off-side.
10:53 of 3rd period - Tomas Hertl wins face-off versus Nick Schmaltz in neutral zone.
10:59 of 3rd period - Icing by Nick Schmaltz.
11:00 of 3rd period - Tomas Hertl wins face-off versus Nick Schmaltz in Gladiators zone.
11:03 of 3rd period - Shot by Dylan Cozens.
11:03 of 3rd period - Stopped by Jake Oettinger with a rebound.
11:05 of 3rd period - Shot by Tomas Hertl.
11:05 of 3rd period - Shot Misses the Net.
11:07 of 3rd period - Shot by Dylan Cozens.
11:07 of 3rd period - Shot Misses the Net.
11:15 of 3rd period - Shot by Evander Kane.
11:15 of 3rd period - Stopped by Jake Oettinger without a rebound.
11:16 of 3rd period - Nico Hischier wins face-off versus Mikko Rantanen in Gladiators zone.
11:57 of 3rd period - Shot by Tim Stutzle.
11:57 of 3rd period - Stopped by Jake Oettinger without a rebound.
11:58 of 3rd period - Tomas Hertl wins face-off versus Sam Reinhart in Gladiators zone.
12:27 of 3rd period - Shot by Sam Reinhart.
12:27 of 3rd period - Stopped by Andrei Vasilevskiy without a rebound.
12:28 of 3rd period - Anthony Cirelli wins face-off versus Michael Mcleod in Oilers zone.
12:29 of 3rd period - Shot by J.T. Compher.
12:29 of 3rd period - Stopped by Andrei Vasilevskiy without a rebound.
12:30 of 3rd period - Anthony Cirelli wins face-off versus Michael Mcleod in Oilers zone.
13:11 of 3rd period - Icing by Alec Martinez.
13:12 of 3rd period - Anthony Cirelli wins face-off versus Mikko Rantanen in Gladiators zone.
13:18 of 3rd period - Shot by Anthony Cirelli.
13:18 of 3rd period - Stopped by Andrei Vasilevskiy without a rebound.
13:19 of 3rd period - Evander Kane wins face-off versus Sam Reinhart in Oilers zone.
13:24 of 3rd period - Zach Hyman is hit by Evander Kane and loses puck.
13:38 of 3rd period - Tomas Hertl is hit by Samuel Girard and loses puck.
14:13 of 3rd period - Icing by Josh Manson.
14:14 of 3rd period - Nico Hischier wins face-off versus Mikko Rantanen in Gladiators zone.
15:23 of 3rd period - Shot by Jani Hakanpaa.
15:23 of 3rd period - Shot Blocked by Josh Manson.
16:53 of 3rd period - Shot by T.J. Oshie.
16:53 of 3rd period - Shot Misses the Net.
16:55 of 3rd period - Shot by Nick Schmaltz.
16:55 of 3rd period - Stopped by Andrei Vasilevskiy without a rebound.
16:56 of 3rd period - Mikko Rantanen wins face-off versus Sam Reinhart in Oilers zone.
17:37 of 3rd period - Shot by Manson Gluehead.
17:37 of 3rd period - Stopped by Jake Oettinger without a rebound.
17:38 of 3rd period - Anthony Cirelli wins face-off versus Michael Mcleod in Gladiators zone.
17:38 of 3rd period - Anthony Cirelli is hit by Michael Mcleod.
17:43 of 3rd period - Minor Penalty to Michael Mcleod for Tripping.
17:44 of 3rd period - T.J. Oshie wins face-off versus Mikko Rantanen in Oilers zone.
17:47 of 3rd period - Shot by Geoff Copses.
17:47 of 3rd period - Shot Blocked by Darnell Nurse.
18:11 of 3rd period - Off-side.
18:12 of 3rd period - Sam Reinhart wins face-off versus Mikko Rantanen in neutral zone.
18:15 of 3rd period - Shot by Ryan Suter.
18:15 of 3rd period - Shot Blocked by Darnell Nurse.
18:58 of 3rd period - Shot by Jaccob Slavin.
18:58 of 3rd period - Stopped by Andrei Vasilevskiy with a rebound.
19:14 of 3rd period - Shot by T.J. Oshie.
19:14 of 3rd period - Deflect By Jake Guentzel.
19:14 of 3rd period - Stopped by Andrei Vasilevskiy without a rebound.
19:15 of 3rd period - Sam Reinhart wins face-off versus Mikko Rantanen in Oilers zone.
19:43 of 3rd period - Shot by Alex Tuch.
19:43 of 3rd period - Goal by Alex Tuch - Gladiators : 5 - Oilers : 1.
19:44 of 3rd period - Michael Mcleod wins face-off versus J.T. Compher in neutral zone.
Goals for this period are 1 for Gladiators vs 0 for Oilers.
Shots for this period are 10 for Gladiators vs 10 for Oilers.